 Dungeon Crawl Stone Soup version 0.30-a0-824-g6c64550be9 (webtiles) character file.

Game seed: 3254163894206611487

67 Pimp the Trooper (level 3, -1/29 HPs)
             Began as a Demonspawn Berserker on Feb 27, 2023.
             Was a Believer of Trog.
             Slain by an orc
             ... wielding a +2 whip of electrocution
              (6 damage)
             ... on level 3 of the Dungeon.
             The game lasted 00:02:36 (1834 turns).

Pimp the Trooper (Demonspawn Berserker)             Turns: 1834, Time: 00:02:37

Health: -1/29      AC:  9    Str: 19    XL:     3   Next: 98%
Magic:  3/3        EV:  8    Int:  8    God:    Trog [**....]
Gold:   129        SH:  0    Dex: 14    Spells: 2/2 levels left

rFire   . . .      SeeInvis .    a - +0 hand axe
rCold   . . .      Faith    .    (no shield)
rNeg    . . .      Spirit   .    c - +0 chain mail
rPois   .          Reflect  .    (helmet restricted)
rElec   .          Harm     .    (no cloak)
rCorr   .          Rampage  .    e - +0 pair of gloves
Will    .....                    (no boots) Stlth
                                 (no amulet)
HPRegen 0.24/turn                (no ring)
MPRegen 0.08/turn                (no ring)

@: no status effects
A: horns 1, thin skeletal structure 1, talons 1, sense surroundings 2, evolution
1
a: Renounce Religion, Berserk, Trog's Hand


You were on level 3 of the Dungeon.
You worshipped Trog.
Trog was pleased with you.
You visited 1 branch of the dungeon, and saw 3 of its levels.

You collected 129 gold pieces.

Inventory:

Hand Weapons
 a - a +0 hand axe (weapon)
Armour
 b - a +0 animal skin
 c - a +0 chain mail (worn)
 e - a +0 pair of gloves (worn)
Jewellery
 h - a ring of ice
Scrolls
 i - 3 scrolls of teleportation {unknown}
 j - a scroll of immolation {unknown}
 k - a scroll of magic mapping {unknown}
 m - 2 scrolls of identify
Potions
 f - a potion of flight
 l - 2 potions of brilliance


   Skills:
 + Level 3.5 Fighting
 + Level 3.2 Axes
 + Level 2.4 Armour
 + Level 2.4 Dodging


You had 2 spell levels left.
You didn't know any spells.
Your spell library was empty.

Dungeon Overview and Level Annotations

Branches:
Dungeon (3/15)

Altars:


Innate Abilities, Weirdness & Mutations

You have a pair of small horns on your head.
You have a somewhat thin skeletal structure. (Dex +2, Stealth+)
You have sharp toenails.
You passively map the area around you.
You have hidden genetic potential.


Message History

There is an open door here.
There is a stone staircase leading down here.
You climb downwards.
The orc wizard shouts!
The orc shouts!
Found an escape hatch in the floor and an escape hatch in the ceiling.
Found a stone staircase leading down.
There is a stone staircase leading up here.
There is an escape hatch in the floor here.
The orc barely misses you.
You slash the orc wizard! You claw the orc wizard.
You headbutt the orc wizard, but do no damage.
The orc wizard is almost dead.
You hit the orc priest. You hit the rat.
You kill the rat!
Trog accepts your kill.
You closely miss the orc.
The orc hits you with a +2 whip of electrocution.
The orc wizard gestures at you while chanting.
You are confused.
The orc priest closely misses you.
You completely miss the orc wizard. Your headbutt misses the orc wizard.
The orc wizard is almost dead.
You hit the orc but do no damage. You barely miss the orc priest.
The orc priest barely misses you.
The orc wizard gestures wildly while chanting.
The orc wizard flickers and vanishes!
Deactivating autopickup; reactivate with Ctrl-A.
The orc hits you but does no damage.
You are electrocuted!
Something hits you.
You bump into the rock wall.
The orc priest hits you but does no damage.
Something hits you but does no damage. Something hits you but does no damage.
You feel less confused.
The orc priest hits you with a +0 war axe.
* * * LOW HITPOINT WARNING * * *
You hear some strange, mumbled words.
Something tries to affect you, but you resist.
The orc hits you with a +2 whip of electrocution.
You die...

* * *, , ,
######## ,
, ,
#......#
#......# ,,
,
####......#
,, ,
..........#
* , *
#......# *
#.<>oo.# *
#...@..#
#.<.>.#####
* #..#####
,... ,.# ,
, * ,, ,


You could see an orc priest and an orc.

Vanquished Creatures
  An adder (D:2)
  A worm (D:2)
  2 dart slugs
  6 ball pythons (D:1)
  A bat (D:1)
  5 endoplasms
  7 giant cockroaches
  6 goblins
  4 hobgoblins
  5 quokkas
  A frilled lizard (D:2)
  2 kobolds (D:2)
  3 rats
44 creatures vanquished.

Notes
Turn   | Place    | Note
-------+----------+-------------------------------------------
     0 | D:1      | Pimp the Demonspawn Berserker began the quest for the Orb.
     0 | D:1      | Reached XP level 1. HP: 18/18 MP: 1/1
   122 | D:1      | Gained mutation: You have a pair of small horns on your
                  | head. [demonic ancestry]
   122 | D:1      | Reached XP level 2. HP: 15/24 MP: 2/2
   491 | D:1      | Gained mutation: You passively map a small area around you.
                  | [potion of mutation]
   491 | D:1      | Gained mutation: You have hidden genetic potential. [potion
                  | of mutation]
   491 | D:1      | Gained mutation: You passively map the area around you.
                  | [potion of mutation]
   764 | D:1      | Gained mutation: You have a somewhat thin skeletal
                  | structure. (Dex +2, Stealth+) [demonic ancestry]
   764 | D:1      | Reached XP level 3. HP: 29/29 MP: 3/3
  1032 | D:2      | Reached ** piety under Trog
  1155 | D:2      | Gained mutation: You have sharp toenails. [hidden
                  | potential]
  1834 | D:3      | Slain by an orc

Illustrated notes

Levels and vault maps discovered:
D:1:      lightli_arrival_flooded_house, layout_loops_ring
D:2:      layout_basic
D:3:      layout_rooms, grunt_ashenzari_visionary
          [grunt_ashenzari_visionary_shoals, grunt_ashenzari_visionary_snake]

Skill      XL: |  1  2 |
---------------+-------+-----
Armour         | 2 |  2.4
Dodging        | 2 |  2.4
Axes           | 3 |  3.2
Fighting       | |  3.5

Action                     || total
---------------------------++-------
  Melee: Hand axe          ||   120
         Punch             ||     2
         Headbutt          ||    11
         Kick              ||     8
    Use: Potion            ||     5
         Scroll            ||     1
   Stab: Sleeping          ||     1
 Armour: Animal skin       ||    12
         Chain mail        ||    50
  Dodge: Dodged            ||    74

Table legend: (Time is in decaauts)
 A = Elapsed time spent in this place.
 B = Non-inter-level travel time spent in this place.
 C = Inter-level travel time spent in this place.
 D = Time resting spent in this place.
 E = Time spent auto-exploring this place.
 F = Levels seen in this place.
 G = Mean time per level.
                   A        B        C        D        E       F      G
               +--------+--------+--------+--------+--------+-----+--------+
         Total |   1838 |   1778 |     60 |    129 |   1282 |   3 |  612.7 |
       Dungeon |   1838 |   1778 |     60 |    129 |   1282 |   3 |  612.7 |
               +--------+--------+--------+--------+--------+-----+--------+

Top non-repeatable levels by time:
     D:2: 919 daAuts
     D:1: 910 daAuts
     D:3: 8 daAuts
